 Dungeon Crawl Stone Soup version 0.28.0 (webtiles) character file.

Game seed: 14347867367736266880

4885 mortz the Thaumaturge (level 10, -3/67 HPs)
             Began as a Djinni Conjurer on Feb 14, 2022.
             Was a Follower of Makhleb.
             Slain by Harold (18 damage)
             ... on level 8 of the Dungeon.
             The game lasted 01:52:27 (11369 turns).

mortz the Thaumaturge (Djinni Conjurer)            Turns: 11369, Time: 01:52:27

Health: -3/67      AC:  8    Str:  8    XL:     10   Next: 79%
Gold:   427        EV:  7    Int: 23    God:    Makhleb [*.....] SH:  0 Dex: 11

rFire   + + +      SeeInvis .   z - +4 long sword
rCold   . . .      Faith    .   (no shield)
rNeg    . . .      Spirit   .   E - +0 steam dragon scales
rPois   ∞          Reflect  .   v - +0 helmet
rElec   .          Harm     .   p - scarf {rC+ rF+}
rCorr   .          Rampage  .   c - +0 pair of gloves
Will    +....      Archmagi +   (boots unavailable)
Stlth   ++........              (no amulet)
HPRegen 0.21/turn               a - ring of the Mage {Wiz Archmagi}
MPRegen 0.00/turn               (no ring)

@: flying, held
A: sickness immunity, fire resistance 2, cold vulnerability 1, float, innate
caster, HP casting, extra vitality 1
a: Renounce Religion


You were on level 8 of the Dungeon.
You worshipped Makhleb.
Makhleb was aware of your devotion.
You visited 2 branches of the dungeon, and saw 9 of its levels.

You collected 427 gold pieces.

Inventory:

Hand Weapons
 e - a +3 dagger of venom
 t - a +0 dire flail
 y - a +3 great sword
 z - a +4 long sword (weapon)
 A - a +4 halberd of flaming
 B - a +3 dagger
 C - a +0 morningstar of flaming
 D - a +2 whip of electrocution
 I - the +1 mace of the Other Side {freeze, rElec rPois rC+ Dex+4}
   (You found it on level 7 of the Dungeon)

   It freezes those it strikes, dealing additional cold damage.
   It can also slow down cold-blooded creatures.
   Dex:       It affects your dexterity (+4).
   rC:        It protects you from cold.
   rElec:     It insulates you from electricity.
   rPois:     It protects you from poison.
 K - a +4 quarterstaff of chaos
 L - a +2 mace of holy wrath
Missiles
 m - 13 poisoned darts (quivered)
 u - 2 throwing nets
Armour
 c - a +0 pair of gloves (worn)
 p - a scarf of resistance (worn)
 v - a +0 helmet (worn)
 E - +0 steam dragon scales (worn)
Jewellery
 a - the ring of the Mage (left hand) {Wiz Archmagi}
   (You found it on level 2 of the Dungeon)

   [ring of wizardry]

   It improves your spell success rate.
   Archmagi:  It increases the power of your magical spells.
Wands
 j - a wand of iceblast (8)
 s - a wand of digging (4)
 F - a wand of polymorph (8)
 H - a wand of flame (23)
Scrolls
 g - 2 scrolls of immolation
 h - 2 scrolls of enchant weapon
 l - 4 scrolls of teleportation
 o - 2 scrolls of fear
 q - a scroll of torment {unknown}
 r - 2 scrolls of amnesia {unknown}
 w - a scroll of summoning {unknown}
Potions
 b - a potion of ambrosia {unknown}
 d - a potion of mutation {unknown}
 f - a potion of brilliance {unknown}
 i - 4 potions of curing
 k - 4 potions of heal wounds {unknown}
 n - a potion of attraction
 x - a potion of degeneration {unknown}
 G - a potion of invisibility {unknown}
 J - 2 potions of flight {unknown}
 M - a potion of haste


   Skills:
 + Level 3.3 Fighting
 * Level 3.3 Long Blades
 - Level 1.8(2.2) Maces & Flails
 + Level 2.0(2.5) Staves
 + Level 5.4 Armour
 + Level 4.7 Dodging
 + Level 4.4 Stealth
 + Level 9.1 Spellcasting
 + Level 0.1 Evocations


You had 5 spell levels left.
You knew the following spells:

 Your Spells              Type           Power      Damage    Failure   Level
a - Magic Dart            Conj           100%       1d8       1%          1
b - Searing Ray           Conj           100%       2d8       1%          2
c - Dazzling Flash        Conj/Hex       100%       N/A       1%          3
d - Fulminant Prism       Conj/Hex       34%        3d16      1%          4
e - Iskenderun's Mystic   Conj/Tloc      68%        2d14      1%          4
f - Beastly Appendage     Tmut           100%       N/A       1%          1
g - Ensorcelled Hibernat  Hex/Ice        100%       N/A       1%          2
h - Scorch                Fire           100%       2d10      1%          2
i - Confusing Touch       Hex            68%        N/A       1%          3
Your spell library was empty.

Dungeon Overview and Level Annotations

Branches:
Dungeon (8/15)             Temple (1/1) D:5
   Lair: D:8-11

Altars:
Ashenzari
Dithmenos
Elyvilon
Fedhas
Gozag
Kikubaaqudgha
Makhleb
Nemelex Xobeh
Okawaru
Ru
Sif Muna
Trog
Uskayaw
Wu Jian
Yredelemnul
Zin
The Shining One

Annotations:
D:8 Erica, Harold


Innate Abilities, Weirdness & Mutations

You are immune to sickness and miasma.
You are immune to poison.
Your flesh is very heat resistant. (rF++)
You are vulnerable to cold. (rC-)
You float through the air rather than walking.
You learn spells naturally, not from books.
Your magical power is your life essence.
You have superior vitality. (+4 MHP)


Message History

M - a potion of haste
Found a stone staircase leading down.
Harold the Weathered comes into view.
He is wielding a +0 glaive and wearing a +2 chain mail of willpower.
Harold shouts!
Casting: Searing Ray (safe; 1% risk of failure)
Confirm with . or Enter, or press ? or * to list all spells.
Aiming: Magic Dart (safe; 1% risk of failure)
Press: ? - help, Shift-Dir - straight line, f - Harold
Aim: Harold, wielding a +0 glaive, wearing a +2 chain mail of willpower and quivering a throwing net (100% to hit)
You feel a surge of power!
The magic dart hits Harold.
Harold is lightly wounded.
Harold throws a throwing net.
The throwing net hits you.
You become entangled in the net!
Casting: Magic Dart (safe; 1% risk of failure)
Confirm with . or Enter, or press ? or * to list all spells.
Aiming: Magic Dart (safe; 1% risk of failure)
Press: ? - help, Shift-Dir - straight line, f/p - Harold
Aim: Harold, wielding a +0 glaive and wearing a +2 chain mail of willpower (lightly wounded, 100% to hit)
You feel a surge of power!
The magic dart hits Harold but does no damage.
Harold is lightly wounded.
Casting: Magic Dart (safe; 1% risk of failure)
Confirm with . or Enter, or press ? or * to list all spells.
Aiming: Searing Ray (safe; 1% risk of failure)
Press: ? - help, Shift-Dir - straight line, f/p - Harold
Aim: Harold, wielding a +0 glaive and wearing a +2 chain mail of willpower (lightly wounded, 92% to hit)
You feel a surge of power!
The searing ray hits Harold!
Harold is lightly wounded. (Press . to maintain the ray.)
The searing ray hits Harold.
Harold is moderately wounded.
Harold hits you from afar with a +0 glaive!!
The searing ray hits Harold!
Harold is moderately wounded.
Harold hits you from afar with a +0 glaive!!
* * * LOW HITPOINT WARNING * * *
You struggle against the net.
Harold says, "I was hoping my final job would be more of a challenge, but money is money."
Harold hits you from afar with a +0 glaive!!
You die...

#.# #.# ## #.# ..
#.# #. #.# #. #.#
#.###@ #.####
.#.....#####
#....#
.......@...#
####.#
.#.....###.# #.#
#..... ##.## #.#
###.####...#####.#
#...>..........#
######...#######
##.## #.# ...


You could see Harold.

Vanquished Creatures
  Pikel (D:7)
  Maggie (D:7)
  A kobold demonologist (D:6)
  Grinder (D:4)
  Duvessa (D:7)
  2 water moccasins
  4 orc warriors
  4 black bears
  A hornet zombie (D:6)
  A sky beast (D:4)
  4 ogres
  2 necrophages (D:7)
  A phantom (D:6)
  A lemure (D:7)
  A kobold brigand (D:7)
  A bullfrog (D:7)
  3 scorpions
  A water moccasin zombie (D:6)
  A water moccasin skeleton (D:4)
  Dowan (D:7)
  6 killer bees (D:6)
  5 wights (D:7)
  A howler monkey (D:6)
  2 centaur zombies
  A jelly (D:7)
  A centaur skeleton (D:7)
  An orc priest (D:5)
  4 hounds
  6 orc wizards
  Crazy Yiuf (D:7)
  5 iguanas
  A killer bee zombie (D:5)
  2 hound skeletons (D:4)
  A mummy (D:7)
  Robin (D:4)
  3 gnolls (D:7)
  9 adders
  A howler monkey skeleton (D:6)
  2 white imps
  3 ufetubi
  An adder skeleton (D:4)
  3 worms (D:2)
  3 dart slugs
  27 orcs
  2 endoplasms
  5 giant cockroaches
  18 goblins
  14 hobgoblins
  13 jackals
  2 kobolds
  6 quokkas
  7 ball pythons
  7 bats
  A frilled lizard (D:2)
  A kobold zombie (D:7)
  An orc zombie (D:7)
  7 rats
207 creatures vanquished.

Vanquished Creatures (others)
  2 withered plants (D:5)
2 creatures vanquished.

Grand Total: 209 creatures vanquished

Notes
Turn   | Place    | Note
-------+----------+-------------------------------------------
     0 | D:1      | mortz the Djinni Conjurer began the quest for the Orb.
     0 | D:1      | Reached XP level 1. HP: 15/15 MP: 0/0
   145 | D:1      | Reached XP level 2. HP: 10/21 MP: 0/0
  1180 | D:1      | Reached XP level 3. HP: 23/25 MP: 0/0
  1180 | D:1      | Learned a level 1 spell: Beastly Appendage
  1372 | D:1      | Reached skill level 4 in Spellcasting
  1848 | D:2      | Reached XP level 4. HP: 19/31 MP: 0/0
  2613 | D:2      | Found the ring of the Mage {Wiz Archmagi}
  2917 | D:2      | Reached XP level 5. HP: 33/35 MP: 0/0
  2917 | D:2      | Learned a level 2 spell: Ensorcelled Hibernation
  3187 | D:3      | Found an ornate altar of the Wu Jian Council.
  3775 | D:3      | Found a faded altar of an unknown god.
  3872 | D:4      | Noticed a black bear
  3879 | D:4      | Killed a black bear
  3880 | D:4      | Reached skill level 1 in Armour
  3880 | D:4      | Reached skill level 5 in Spellcasting
  3880 | D:4      | Reached XP level 6. HP: 33/41 MP: 0/0
  4389 | D:4      | Noticed an ogre
  4393 | D:4      | Killed an ogre
  4394 | D:4      | Reached XP level 7. HP: 41/46 MP: 0/0
  4394 | D:4      | Learned a level 2 spell: Scorch
  4699 | D:4      | Noticed Robin
  4724 | D:4      | Killed Robin
  4891 | D:4      | Found a white marble altar of Elyvilon.
  4973 | D:4      | Noticed a water moccasin
  4976 | D:4      | Killed a water moccasin
  5184 | D:4      | Reached skill level 1 in Staves
  5184 | D:4      | Reached skill level 6 in Spellcasting
  5184 | D:4      | Reached XP level 8. HP: 28/51 MP: 0/0
  5415 | D:4      | Noticed Grinder
  5422 | D:4      | Killed Grinder
  5761 | D:5      | Entered Level 5 of the Dungeon
  5857 | D:5      | Found a sparkling altar of Nemelex Xobeh.
  5913 | D:5      | Reached skill level 1 in Fighting
  6055 | D:5      | Found a staircase to the Ecumenical Temple.
  6070 | Temple   | Entered the Ecumenical Temple
  6117 | Temple   | Became a worshipper of Makhleb the Destroyer
  7214 | D:6      | Reached skill level 7 in Spellcasting
  7214 | D:6      | Reached XP level 9. HP: 51/57 MP: 0/0
  7214 | D:6      | Learned a level 3 spell: Confusing Touch
  7444 | D:6      | Reached skill level 1 in Maces & Flails
  7992 | D:6      | Reached * piety under Makhleb
  8302 | D:6      | Noticed a kobold demonologist
  8325 | D:6      | Killed a kobold demonologist
  8326 | D:6      | Reached skill level 8 in Spellcasting
  8815 | D:7      | Reached XP level 10. HP: 46/65 MP: 0/0
  9157 | D:7      | Noticed Pikel
  9159 | D:7      | Noticed Maggie
  9165 | D:7      | Killed Pikel
  9166 | D:7      | Reached skill level 1 in Long Blades
  9166 | D:7      | Reached skill level 5 in Armour
  9175 | D:7      | Killed Maggie
  9600 | D:7      | Noticed Duvessa
  9606 | D:7      | Killed Duvessa
  9606 | D:7      | Noticed Dowan
  9610 | D:7      | Killed Dowan
 10035 | D:7      | Found a bloodstained altar of Trog.
 10074 | D:7      | Reached skill level 9 in Spellcasting
 10873 | D:7      | Identified the +1 mace of the Other Side {freeze, rElec
                  | rPois rC+ Dex+4}
 10883 | D:7      | Found a runed translucent door.
 10884 | D:7      | Noticed Crazy Yiuf
 10890 | D:7      | Killed Crazy Yiuf
 11048 | D:8      | Noticed Erica
 11059 | D:7      | HP: 3/67 [something (6)]
 11363 | D:8      | Noticed Harold
 11369 | D:8      | Slain by Harold

Illustrated notes

Levels and vault maps discovered:
D:1:      dpeg_arrival_fog, layout_loops_ring
D:2:      minmay_chambers_of_twos, layout_basic, dk_noncrumbling_3,
          minmay_3d_cube
D:3:      layout_rooms, mainiacjoe_overflow_surrounded_room,
          shapermc_ecumenical_altar_hornbeckon
D:4:      minmay_razor_zed, layout_gridville, general_overflow_altar,
          kennysheep_nondescript, uniq_grinder, uniq_robin
D:5:      layout_basic, nemelex_spade_bored_becter, kiku_gazebo_garden_becter,
          minmay_temple_entry_glassed_door
D:6:      layout_loops_ring
D:7:      minmay_spotlight, layout_loops_ring, trog_butcher_becter,
          nicolae_ossuary_entry_giza, st_stairs_7, uniq_maggie, uniq_pikel,
          uniq_crazy_yiuf_cottage, uniq_duvessa
D:8:      layout_loops_ring, gammafunk_temple_overflow_wave,
          mainiacjoe_overflow_cross_hatched, mainiacjoe_overflow_chevrons,
          uniq_harold, uniq_joseph, uniq_gastronok, uniq_erica
Temple:   nicolae_temple_no_exploring_needed

Skill      XL: |  1  2  3  4  5  6  7  8  9 10 |
---------------+-------------------------------+-----
Spellcasting   | 4 5 6 7 8 9 |  9.1
Armour         | 1 2 3 4 5 |  5.4
Stealth        | 2 3 4 |  4.4
Staves         | 1 2 |  2.0
Dodging        | 3 4 |  4.7
Fighting       | 1 2 3 |  3.3
Maces & Flails | 1 |  1.8
Long Blades    | 3 |  3.3
Evocations     | |  0.1

Action                   |  1- 3 |  4- 6 |  7- 9 | 10-12 || total
-------------------------+-------+-------+-------+-------++-------
Melee: Club              |     7 |       |       |       ||     7
       Unarmed           |     1 |       |       |       ||     1
       Quarterstaff      |     9 |     8 |    11 |       ||    28
       Mace              |       |       |    15 |       ||    15
       Headbutt          |       |       |     1 |       ||     1
       Punch             |       |       |     1 |       ||     1
       Long sword        |       |       |       |    14 ||    14
 Cast: Magic Dart        |    61 |    75 |    86 |    12 ||   234
       Searing Ray       |     1 |    11 |    52 |    32 ||    96
       Beastly Appendage |       |     1 |     1 |       ||     2
Evoke: Wand              |       |       |     1 |       ||     1
  Use: Scroll            |       |     6 |       |     1 ||     7
       Potion            |       |       |       |     3 ||     3
Armor: Robe              |     5 |       |       |       ||     5
       Leather armour    |     1 |     6 |    30 |       ||    37
       Steam dragon scal |       |       |       |    13 ||    13
Dodge: Dodged            |    23 |    10 |    52 |    22 ||   107
